 Dungeon Crawl Stone Soup version 0.21-a0-137-g951aa02 (webtiles) character file.

21 Gorglomux the Vexing (level 2, 0/25 HPs)
             Began as a Hill Orc Arcane Marksman on July 18, 2017.
             Slain by a hobgoblin
             ... wielding a +0 club
              (7 damage)
             ... on level 1 of the Dungeon.
             The game lasted 00:01:31 (529 turns).

Gorglomux the Vexing (Hill Orc Arcane Marksman)      Turns: 529, Time: 00:01:32

Health: 0/25       AC:  2    Str: 12    XL:     2   Next: 83%
Magic:  3/3        EV: 12    Int: 13    God:
Gold:   11         SH:  0    Dex: 14    Spells: 2/3 levels left

rFire    . . .     SeeInvis .   a - +0 hunting sling
rCold    . . .     Gourm    .   (no shield)
rNeg     . . .     Faith    .   e - +0 robe
rPois    .         Spirit   .   (no helmet)
rElec    .         Reflect  .   (no cloak)
rCorr    .         Harm     .   (no gloves)
MR       .....                  (no boots)
Stlth    +.........             (no amulet)
HPRegen  0.08/turn              l - +3 ring of dexterity
MPRegen  0.08/turn              (no ring)

@: no status effects
A: no striking features
a: no special abilities


You were on level 1 of the Dungeon.
You were not hungry.

You visited 1 branch of the dungeon, and saw 1 of its levels.

You collected 11 gold pieces.

Inventory:

Hand Weapons
 a - a +0 hunting sling (weapon)
Missiles
 d - 14 sling bullets (quivered)
 q - 2 tomahawks
Armour
 e - a +0 robe (worn)
Jewellery
 l - a +3 ring of dexterity (left hand)
Scrolls
 h - a scroll of enchant armour {unknown}
 j - a scroll of remove curse {unknown}
 m - a scroll of identify {unknown}
 p - a scroll of immolation {unknown}
Potions
 o - a potion of degeneration {unknown}
Books
 c - a book of Debilitation

   Spells                             Type                      Level
   a - Corona                         Hexes                        1
   b - Slow                           Hexes                        2
   c - Inner Flame                    Hexes/Fire                   3
   d - Portal Projectile              Hexes/Translocation          3
   e - Cause Fear                     Hexes                        4
   f - Leda's Liquefaction            Hexes/Earth                  4
Comestibles
 f - 3 bread rations
 k - 2 fruits
 n - a chunk of flesh


   Skills:
 + Level 2.6 Fighting
 - Level 1.7 Slings
 + Level 1.4 Armour
 - Level 1.5 Dodging
 - Level 1.0 Spellcasting
 - Level 3.0 Hexes


You had 2 spell levels left.
You knew the following spells:

 Your Spells              Type           Power        Failure   Level  Hunger
a - Corona                Hex            #......      9%          1    ##.....


Dungeon Overview and Level Annotations

Branches:
Dungeon (1/15)

Altars:


Message History

Firing (i - inventory! (,) - cycle):
d - 17 sling bullets (quivered)
Press: ? - help, Shift-Dir - straight line, f/p - hobgoblin
Aim: a hobgoblin, wielding a club You shoot a sling bullet!
The sling bullet completely misses the hobgoblin!
The hobgoblin hits you with a club!
Firing (butt - inventory! (,) - cycle):
d - 16 sling bullets (quivered)
Press: ? - butt, Shift-Dir - straight line, f/p - hobgoblin
Aim: a hobgoblin, wielding a club You shoot a sling bullet!
The sling bullet closely misses the hobgoblin!
The hobgoblin hits you with a club! * * * don't die
* * * Firing (i - inventory! (,) - cycle):
d - 15 sling bullets (butt)
Press: ? - help, Shift-Dir - straight line, f/p - hobgoblin
Aim: a hobgoblin, wielding a club You shoot a sling bullet!
The sling bullet barely misses the hobgoblin!
The hobgoblin hits you with a club!!! rip

#######.##.#.. #.............
######.########..).
##+###..................
.....................#..
.....................+..
.....................##.
.....................##.
(.....g@.....###........
.....(######## #....#.##
...... #....#... #####
#....#.## #.####### #........
#### ♣♣♣♣♣ ####.###.
##..#######...♣♣♣ #.# #.
#....'..........♣♣♣♣#######.#
#.


You could see a hobgoblin.

Vanquished Creatures
  An ooze (D:1)
  2 leopard geckos (D:1)
  3 hobgoblins (D:1)
  A jackal (D:1)
  A frilled lizard (D:1)
  4 goblins (D:1)
  A rat (D:1)
13 creatures vanquished.

Notes
Turn   | Place    | Note
-------+----------+-------------------------------------------
     0 | D:1      | Gorglomux the Hill Orc Arcane Marksman began the quest for the Orb.
     0 | D:1      | Reached XP level 1. HP: 16/16 MP: 2/2
   223 | D:1      | Reached skill level 1 in Armour
   223 | D:1      | Reached XP level 2. HP: 24/24 MP: 3/3
   529 | D:1      | Slain by a hobgoblin

Vault maps used:
D:1:      sevenhm_arrival_forest_fort_large_4

Skill      XL: |  1  2 |
---------------+-------+-----
Armour         | 1 |  1.4
Fighting       | 2 |  2.6
Slings         | |  1.7
Dodging        | |  1.5
Spellcasting   | |  1.0
Hexes          | |  3.0

Action                   || total
-------------------------++-------
 Fire: Hunting sling     ||    19
Throw: Javelin           ||    26
Dodge: Dodged            ||     8
